cohdb
Replays
Latest Replays
All Replays
Popular Replays
Top Player Replays
Match Explorer
How It Works
Community
CoH3 Stats
Reddit
Sign in to upload your games and track your stats! →
Sign in with Steam
Match 45482403
Unlisted
Match 45482403
Overview
Messages
Build Orders
End
Royal Engineer Section
Construct Section Command Post
Infantry Section
Infantry Section
Infantry Section
Construct Platoon Command Post
Humber Armored Car
Humber Armored Car
Infantry Section
Construct Company Command Post
Crusader II Medium Tank
Grenade Package
Foot Guards Section
Crusader II Medium Tank
Crusader II Medium Tank
Selects Indian Artillery Battlegroup
Selects War Cry
Selects Gurkha Rifles Section
Selects Volunteer Infantry
Selects Artillery Saturation
Selects Off-map Airburst Barrage
Selects Perimeter Monitor
Crusader II Medium Tank
Armored Vehicle Training
Crusader II Medium Tank
Perimeter Monitor
Infantry Training
Gurkha Rifles Section
Crusader II Medium Tank
DirtyDan
长崎家爱音
SturmTigerGaddafi
jake
0
0
Comments
sign in to comment!
No comments posted yet!